 Dungeon Crawl Stone Soup version 0.30-a0-824-g6c64550be9 (webtiles) character file.

Game seed: 7349583404754630111

2352 Pimp the Trooper (level 9, -1/71 HPs)
             Began as a Demonspawn Berserker on Feb 27, 2023.
             Was a Priest of Trog.
             Slain by a two-headed ogre
             ... wielding a +0 giant club
              (12 damage)
             ... on level 7 of the Dungeon.
             The game lasted 00:11:51 (7698 turns).

Pimp the Trooper (Demonspawn Berserker)             Turns: 7698, Time: 00:11:52

Health: -1/71      AC: 13    Str: 22    XL:     9   Next: 20%
Magic:  9/9        EV:  9    Int:  9    God:    Trog [***...]
Gold:   439        SH:  3    Dex: 12    Spells: 8/8 levels left

rFire   . . .      SeeInvis .    l - +3 hand axe (flame)
rCold   . . .      Faith    .    o - +0 buckler
rNeg    . . .      Spirit   .    n - +0 chain mail
rPois   .          Reflect  .    (no helmet)
rElec   .          Harm     .    (no cloak)
rCorr   .          Rampage  .    (no gloves)
Will    .....                    (no boots) Stlth
                                 p - amulet of the acrobat
HPRegen 0.31/turn                (no ring)
MPRegen 0.11/turn                (no ring)

@: about to teleport
A: icy blue scales 2, demonic guardian 1, weakness stinger 2
a: Renounce Religion, Berserk, Trog's Hand


You were on level 7 of the Dungeon.
You worshipped Trog.
Trog was most pleased with you.
You visited 1 branch of the dungeon, and saw 7 of its levels.

You collected 439 gold pieces.

Inventory:

Hand Weapons
 a - a +1 hand axe
 l - a +3 hand axe of flaming (weapon)
Missiles
 f - a curare-tipped dart (quivered)
Armour
 b - a +0 animal skin
 n - a +0 chain mail (worn)
 o - a +0 buckler (worn)
Jewellery
 p - an amulet of the acrobat (around neck)
Wands
 r - a wand of polymorph (13)
 u - a wand of mindburst (14)
 v - a wand of flame (14)
Scrolls
 c - 2 scrolls of fear
 d - 5 scrolls of identify
 g - 2 scrolls of poison
 i - 2 scrolls of teleportation
Potions
 e - 2 potions of brilliance
 h - a potion of curing
 j - a potion of ambrosia
 k - 2 potions of cancellation {unknown}
 s - 3 potions of flight {unknown}
 t - 2 potions of lignification {unknown}


   Skills:
 + Level 6.8 Fighting
 + Level 6.3 Axes
 + Level 5.9 Armour
 + Level 5.9 Dodging


You had 8 spell levels left.
You didn't know any spells.
Your spell library was empty.

Dungeon Overview and Level Annotations

Branches:
Dungeon (7/15)             Temple (0/1) D:5

Altars:
Ashenzari
Cheibriados
Dithmenos
Makhleb
Qazlal
Sif Muna
Vehumet
Xom
Yredelemnul

Shops:
D:4 (   D:7 (

Portals:
Abyss: D:7

Annotations:
D:7 1 transporter, F1ng0rz's ghost, novice FoBr


Innate Abilities, Weirdness & Mutations

You are mostly covered in icy blue scales. (AC +3)
A weak demonic guardian rushes to your aid.
You have a tail ending in a sharp stinger.


Message History

Something tries to affect you, but you resist.
You slash something! You burn something.
Your tail-slap misses something.
Something hits you but does no damage.
You hit something. You burn something. Trog accepts your kill.
Trog appreciates your killing of a magic user.
Reactivating autopickup.
You feel a bit more experienced.
Items here: )) [[ ††.
You open the door.
Found a stone staircase leading up.
You open the door.
There is an open door here.
There is an open door here.
A two-headed ogre comes into view.
It is wielding a +0 giant club and a +0 giant spiked club.
You barely miss the two-headed ogre.
The two-headed ogre hits you with a +0 giant club!!
A demonic guardian appears!
The two-headed ogre hits you with a +0 giant spiked club!
You closely miss the two-headed ogre.
The two-headed ogre attacks as you move away!
The two-headed ogre completely misses you.
You block the two-headed ogre's attack.
Your ufetubus hits the two-headed ogre but does no damage.
Your ufetubus barely misses the two-headed ogre. x2
Your ufetubus closely misses the two-headed ogre.
You hit the two-headed ogre. You burn the two-headed ogre.
The two-headed ogre is lightly wounded.
Your ufetubus completely misses the two-headed ogre.
Your ufetubus hits the two-headed ogre but does no damage.
The two-headed ogre hits you with a +0 giant club!
* * * LOW HITPOINT WARNING * * *
The two-headed ogre hits you with a +0 giant spiked club!
* * * LOW HITPOINT WARNING * * *
As you read the scroll of teleportation, it crumbles to dust.
You feel strangely unstable.
Your ufetubus hits the two-headed ogre.
Your ufetubus hits the two-headed ogre but does no damage. x3
You block the two-headed ogre's attack.
The two-headed ogre hits you with a +0 giant spiked club!
You die...

#.##..##....<...####........##
####.###.##.).)).........###....#
........)..)..####.......# #...##
...........##.####.......###...#K
...........##...#######........##
....#......####....# ######.....
....#..............# #######.....
#####..............##........####
...........@..''........#
..........O..##........# #
###....5.............# ##
####...##..........###. #...#
.............. ......
...###..##.### .......
...#......>... #.......
.........#... #.......#
#...........


You could see a two-headed ogre (ally target) and a friendly ufetubus
(summoned).

Vanquished Creatures
  Sigmund (D:6)
  Edmund (D:6)
  2 ice beasts
  2 orc warriors
  An ogre (D:4)
  2 black bears (D:5)
  A phantom (D:5)
  A centaur (D:7)
  3 bullfrogs
  A necrophage (D:4)
  2 scorpions
  A small abomination (D:7)
  3 wights (D:7)
  2 howler monkeys (D:4)
  5 hounds
  2 orc priests
  5 iguanas
  3 orc wizards (D:7)
  9 adders
  2 white imps
  A worm (D:2)
  A dart slug (D:3)
  12 orcs
  7 endoplasms
  8 giant cockroaches
  12 goblins
  7 hobgoblins
  5 jackals
  6 kobolds
  4 quokkas
  6 ball pythons
  4 bats
  2 frilled lizards
  9 rats
133 creatures vanquished.

Vanquished Creatures (others)
  A ball python (D:4)
  42 fungi (D:4)
43 creatures vanquished.

Grand Total: 176 creatures vanquished

Notes
Turn   | Place    | Note
-------+----------+-------------------------------------------
     0 | D:1      | Pimp the Demonspawn Berserker began the quest for the Orb.
     0 | D:1      | Reached XP level 1. HP: 18/18 MP: 1/1
   133 | D:1      | Gained mutation: You have a small tail. [demonic ancestry]
   133 | D:1      | Reached XP level 2. HP: 13/24 MP: 2/2
   385 | D:1      | Reached ** piety under Trog
   707 | D:2      | Reached XP level 3. HP: 27/29 MP: 3/3
   841 | D:2      | Identified the +5 short sword of the Open Hand {antimagic,
                  | rPois rC+ Dex+2}
  1477 | D:3      | Gained mutation: You are partially covered in icy blue
                  | scales. (AC +2) [demonic ancestry]
  1477 | D:3      | Reached XP level 4. HP: 28/35 MP: 4/4
  2287 | D:4      | Gained mutation: You are mostly covered in icy blue scales.
                  | (AC +3) [demonic ancestry]
  2287 | D:4      | Reached XP level 5. HP: 40/42 MP: 5/5
  2346 | D:4      | Found a broken altar of Ashenzari.
  2362 | D:4      | Found a shimmering blue altar of Sif Muna.
  2430 | D:4      | Found a snail-covered altar of Cheibriados.
  2444 | D:4      | Found a radiant altar of Vehumet.
  2491 | D:4      | Found a basalt altar of Yredelemnul.
  2597 | D:4      | Found Jonluged's Weapon Shop.
  2712 | D:4      | Found a stormy altar of Qazlal.
  2728 | D:4      | Reached *** piety under Trog
  2729 | D:4      | Reached XP level 6. HP: 45/48 MP: 6/6
  3054 | D:4      | Gained mutation: You have a tail ending in a sharp stinger.
                  | [demonic ancestry]
  3054 | D:4      | Reached XP level 7. HP: 54/55 MP: 7/7
  3412 | D:5      | Entered Level 5 of the Dungeon
  3447 | D:5      | Reached skill level 5 in Fighting
  3447 | D:5      | Found a burning altar of Makhleb.
  4130 | D:5      | HP: 1/56 [ice beast (14)]
  4591 | D:5      | Found a staircase to the Ecumenical Temple.
  4786 | D:5      | Reached skill level 5 in Axes
  4786 | D:5      | Gained mutation: A weak demonic guardian rushes to your
                  | aid. [demonic ancestry]
  4786 | D:5      | Reached XP level 8. HP: 63/63 MP: 8/8
  5184 | D:5      | Found a shimmering altar of Xom.
  5606 | D:6      | Noticed Sigmund
  5620 | D:6      | Reached skill level 5 in Armour
  5620 | D:6      | Reached skill level 5 in Dodging
  5620 | D:6      | Killed Sigmund
  5844 | D:6      | Found a shadowy altar of Dithmenos.
  5844 | D:6      | Noticed Edmund
  5861 | D:6      | Killed Edmund
  6652 | D:7      | Found a transporter.
  6654 | D:7      | Noticed F1ng0rz's ghost (novice FoBr)
  6660 | D:7      | Found a transporter.
  6691 | D:7      | Found a one-way gate to the infinite horrors of the Abyss.
  6722 | D:7      | Noticed a toenail golem
  7095 | D:7      | Found Picin's Weapon Shop.
  7134 | D:7      | Reached XP level 9. HP: 49/71 MP: 9/9
  7690 | D:7      | Noticed a two-headed ogre
  7698 | D:7      | Slain by a two-headed ogre

Illustrated notes

Levels and vault maps discovered:
D:1:      dpeg_arrival_three_same_balls, layout_rooms, minmay_split_cup_small
D:2:      layout_basic
D:3:      layout_basic
D:4:      layout_loops_corners, good_gods_temple_1,
          mainiacjoe_overflow_alcove_2, fiery_altar_vehumet,
          grunt_qazlal_clouds, mainiacjoe_overflow_chevrons,
          mainiacjoe_overflow_catch_the_wave, serial_shops,
          nicolae_shop_bloodbath_and_beyond
D:5:      layout_loops_corners, general_overflow_altar,
          mainiacjoe_overflow_concentric_impassable, minmay_temple_entry_mist,
          item_on_display_a
D:6:      layout_layer_cave, nicolae_overflow_crystal_walls, uniq_edmund,
          uniq_sigmund
D:7:      layout_basic, gammafunk_ghost_abyssal_escape, serial_shops,
          nicolae_square_shop

Skill      XL: |  1  2  3  4  5  6  7  8 |
---------------+-------------------------+-----
Armour         | 2 3 4 5 |  5.9
Dodging        | 2 3 4 5 |  5.9
Axes           | 3 4 5 6 |  6.3
Fighting       | 4 5 6 |  6.8

Action                     |  1- 3 |  4- 6 |  7- 9 || total
---------------------------+-------+-------+-------++-------
  Melee: Hand axe          |   129 |   186 |   299 ||   614
         Punch             |     3 |     1 |       ||     4
         Tailslap          |     8 |    27 |    42 ||    77
  Throw: Dart              |       |       |     7 ||     7
 Invoke: Berserk           |       |       |     3 ||     3
    Use: Potion            |     1 |       |     5 ||     6
         Scroll            |       |     8 |     7 ||    15
   Stab: Sleeping          |     1 |       |       ||     1
 Armour: Animal skin       |    26 |       |       ||    26
         Chain mail        |     5 |   102 |   164 ||   271
  Dodge: Dodged            |    83 |    89 |   125 ||   297
  Block: Buckler           |       |    21 |    35 ||    56

Table legend: (Time is in decaauts)
 A = Elapsed time spent in this place.
 B = Non-inter-level travel time spent in this place.
 C = Inter-level travel time spent in this place.
 D = Time resting spent in this place.
 E = Time spent auto-exploring this place.
 F = Levels seen in this place.
 G = Mean time per level.
                   A        B        C        D        E       F      G
               +--------+--------+--------+--------+--------+-----+--------+
         Total |   7807 |   7642 |    165 |   1755 |   4450 |   7 | 1115.3 |
       Dungeon |   7807 |   7642 |    165 |   1755 |   4450 |   7 | 1115.3 |
               +--------+--------+--------+--------+--------+-----+--------+

Top non-repeatable levels by time:
     D:4: 1653 daAuts
     D:6: 1575 daAuts
     D:5: 1213 daAuts
     D:7: 1104 daAuts
     D:3: 828 daAuts
     D:2: 782 daAuts
     D:1: 648 daAuts
